Cogmind - Beta 17 @@@ ROGUE MODE // 2026.06.25 @ 23:00:54 Player: LN-5RVR Result: Self-destructed Performance ------------- Evolutions (1) 500 Regions Visited (3) 600 Robots Destroyed (25) 125 Value Destroyed (693) 693 Prototype IDs (0) 0 Alien Tech Used (0) 0 Bonus (0) 0 TOTAL SCORE: 1918 Bonus ------- None Cogmind --------- Core Integrity 95/400 Matter 295/300 Energy 17/100 System Corruption 4% Temperature Cool (0) Movement Walking (90) Location -9/Materials Parts ------- > --- POWER (1) -------- (None) > --- PROPULSION (4) --- VSS Leg VSS Leg VSS Leg VSS Leg > --- UTILITY (2) ------ (None) > --- WEAPON (2) ------- (None) > --- INVENTORY (5) ---- Flight Unit Experimental Sensor Array Peak State ------------ > --- POWER ------------ (None) > --- PROPULSION ------- VSS Leg VSS Leg VSS Leg VSS Leg > --- UTILITY ---------- Small Storage Unit > --- WEAPON ----------- Hammer > --- INVENTORY -------- Flight Unit Experimental Sensor Array [Rating: 15] Favorites ----------- Power Light Ion Engine Engine Light Ion Engine Propulsion Light Treads Treads Light Treads Leg Aluminum Leg Flight Unit Flight Unit Utility Small Storage Unit Storage Small Storage Unit Processor Targeting Computer Weapon Hammer Energy Gun Medium Laser Ballistic Gun Assault Rifle Impact Weapon Hammer Build | -11 -10 -10 -9 ------- Run | Yrd Mat Min Mat Slots Evolved 2 | . . . 2 Power . | . . . . Propulsion 2 | . . . 2 Utility . | . . . . Weapon . | . . . . Parts Attached 23 | 6 4 1 12 Power 4 | 1 1 . 2 Engine 4 | 1 1 . 2 Core . | . . . . Reactor . | . . . . Propulsion 14 | 2 2 . 10 Treads 2 | 2 . . . Leg 8 | . . . 8 Wheel . | . . . . Hover . | . . . . Flight 4 | . 2 . 2 Utility 2 | 1 . 1 . Device . | . . . . Storage 1 | 1 . . . Processor 1 | . . 1 . Hackware . | . . . . Protection . | . . . . Artifact . | . . . . Weapon 3 | 2 1 . . Energy Gun 1 | 1 . . . Energy Cannon . | . . . . Ballistic Gun 1 | 1 . . . Ballistic Cannon . | . . . . Launcher . | . . . . Special Weapon . | . . . . Impact Weapon 1 | . 1 . . Slashing Weapon . | . . . . Piercing Weapon . | . . . . Special Melee Weapon . | . . . . Unidentified Prototypes . | . . . . Parts Lost 17 | . 3 1 13 Power 4 | . 1 1 2 Propulsion 9 | . 1 . 8 Utility 2 | . . . 2 Weapon 2 | . 1 . 1 Highest Loss Streak 5 | . 3 1 5 To Critical Strikes . | . . . . Average Backups 4 | 1 7 5 2 Power . | . 1 1 . Propulsion 2 | . 4 4 1 Utility . | . . . 1 Weapon . | . . . . Tool/Special . | . . . . Unused Backups 3 | . 1 . 2 Power . | . . . . Propulsion 1 | . . . 1 Utility 1 | . . . 1 Weapon 1 | . 1 . . Tool/Special . | . . . . Average Slot Usage (%) 73 | . 75 80 69 Engine 9 | . 12 12 6 Treads 8 | . 22 . . Leg 11 | . . . 26 Flight 9 | . 1 28 8 Storage 12 | . 14 14 9 Processor 5 | . . 11 9 Energy Gun 3 | . 10 . . Ballistic Gun 5 | . 13 . . Impact Weapon 6 | . . 14 9 Peak Build Rating 15 | 6 6 7 15 Average Rating 6 | 4 5 6 8 On Entrance 4 | . 6 5 6 Avg Prop Armor Cover (%) . | . . . . Naked Turns . | . . . . Heaviest Build 12 | 12 12 10 10 Greatest Support 48 | 40 40 8 48 Greatest Overweight (x) 1 | . 1 1 . Average Overweight (x) . | . . . . Largest Inventory Capacity 8 | 8 8 8 8 Average Capacity 7 | 6 8 8 7 Most Carried 8 | 4 8 6 5 Average Carried 4 | 1 7 5 2 Final Capacity 8 | 8 8 8 5 Final Carried 6 | 4 5 6 2 Class Distribution -------------------- 93% | Mutant 6% | Scavenger-Sprinter Dominant Class ---------------- Mutant | -10/Materials Mutant | -10/Mines Mutant | -9/Materials Resources | -11 -10 -10 -9 ----------- Run | Yrd Mat Min Mat Matter Collected 463 | 123 126 149 65 Remotely . | . . . . Salvage Created 806 | . 253 147 406 Parts 37 | . 19 3 15 Haulers Intercepted . | . . . . Recyclers Shooed . | . . . . Parts Field Recycled . | . . . . Retrieved Matter . | . . . . Parts Self-Destructed . | . . . . Prevented . | . . . . Parts Restored . | . . . . Kills | -11 -10 -10 -9 ------- Run | Yrd Mat Min Mat Combat Hostiles Destroyed 25 | . 11 3 11 Melee 8 | . . 2 6 Guns 11 | . 11 . . Classes Destroyed 3 | . 2 . 1 Swarmer 10 | . 7 . 3 Grunt 11 | . 4 3 4 Sentry 4 | . . . 4 Best Kill Streak 7 | . 4 1 7 Combat Bots Only 7 | . 4 1 7 Max Kills in Single Turn 2 | . 2 1 1 Gunslinging 1 | . 1 . . Exploded . | . . . . Melee 1 | . . 1 1 Uniques/NPCs Destroyed . | . . . . Combat | -11 -10 -10 -9 -------- Run | Yrd Mat Min Mat Hostile Shots Fired 239 | . 101 10 128 Missed 58 | . 25 5 28 Hits 181 | . 76 5 100 Melee 10 | . . . 10 Projectile 171 | . 76 5 90 Critical Strikes 3 | . . . 3 Damage Taken 2121 | . 697 68 1356 Core 532 | . 183 44 305 Absorbed by Shields . | . . . . Core Remaining (%) 54 | 100 . 9 . Volleys Fired 36 | . 36 . . Largest 2 | . 2 . . Hottest 70 | . 70 . . Shots Fired 64 | . 64 . . Gun 64 | . 64 . . Cannon . | . . . . Launcher . | . . . . Special . | . . . . Kinetic 36 | . 36 . . Thermal 28 | . 28 . . Explosive . | . . . . Electromagnetic . | . . . . Robot Hit Streak 11 | . 11 . . Robot Miss Streak 5 | . 5 . . Penetration Max . | . . . . Secondary Targets 3 | . 3 . . Max Gunslinging Chain 1 | . 1 . . Shots Hit Robots 85 | . 39 4 42 Core Hits 22 | . 14 2 6 Critical Kills 3 | . . 1 2 Critical Parts Destroyed 8 | . . 1 7 Critical Strikes 11 | . . 2 9 Smash 11 | . . 2 9 Melee Attacks 63 | . . 6 57 Impact 63 | . . 6 57 Slashing . | . . . . Piercing . | . . . . Sneak Attacks 1 | . . . 1 Combat Hostiles 1 | . . . 1 Follow-up Attacks . | . . . . Damage Inflicted 1563 | . 508 116 939 Guns 508 | . 508 . . Cannons . | . . . . Explosions . | . . . . Melee 1053 | . . 116 937 Ramming 2 | . . . 2 Kinetic 284 | . 284 . . Thermal 224 | . 224 . . Explosive . | . . . . Electromagnetic . | . . . . Impact 1053 | . . 116 937 Slashing . | . . . . Piercing . | . . . . Highest Corruption 4 | . . . 4 Average Corruption 3 | . . . 3 Corruption Purged . | . . . . Corruption Blocked . | . . . . Effects 1 | . . . 1 Energy Discharges 1 | . . . 1 Overload Shots . | . . . . Overflow Damage 199 | . . 24 175 Projectiles . | . . . . Explosions . | . . . . Melee 199 | . . 24 175 Knockbacks 1 | . . . 1 Impact 1 | . . . 1 Kinetic . | . . . . Secondary . | . . . . Self-Inflicted Damage . | . . . . Shots . | . . . . Rammed 1 | . 1 . . Targets Rammed 3 | . 1 . 2 Kicked 2 | . . . 2 Crushed . | . . . . Highest Temperature 78 | . 78 . 4 Average Temperature 29 | . 29 . 4 Received Heat Transfer 690 | . 186 39 465 Siege Activations . | . . . . Martial Activations . | . . . . Shielding Activations . | . . . . Robots Disrupted . | . . . . Combat Hostiles . | . . . . Robots Corrupted 6 | . . 1 5 Combat Hostiles 6 | . . 1 5 Parts Fried 7 | . . 3 4 Impact Corruptions 13 | . . 1 12 Robots Melted . | . . . . Combat Hostiles . | . . . . Parts Melted 2 | . 2 . . Heat Transferred 666 | . 666 . . Parts Sabotaged . | . . . . Parts Stolen . | . . . . Parts Stripped . | . . . . Power Chain Reactions . | . . . . Alert | -11 -10 -10 -9 ------- Run | Yrd Mat Min Mat Maximum Alert Level . | . . . . Low Security (%) 100 | 100 100 100 100 Level 1 . | . . . . Level 2 . | . . . . Level 3 . | . . . . Level 4 . | . . . . Level 5 . | . . . . High Security . | . . . . Max Security . | . . . . Peak Influence 145 | . 145 54 125 Initial 34 | . . 34 20 Average 62 | . 90 23 62 Influence Increases 750 | . 315 110 325 Destroy 0b10 Robot/C 500 | . 220 60 220 Destroy Leader 130 | . 50 20 60 Partial Spotted 45 | . . . 45 Lose Combat Pursuer 75 | . 45 30 . Influence Decreases 750 | . 226 145 379 Entered New Map 89 | . . 55 34 Time Decay 491 | . 196 80 215 Lost Part 170 | . 30 10 130 Squads Dispatched 2 | . 2 . . Investigation 1 | . 1 . . Extermination . | . . . . Reinforcement 1 | . 1 . . Assault . | . . . . Garrison . | . . . . Intercept . | . . . . Searches Triggered . | . . . . Construction Impeded . | . . . . Haulers Reinforced . | . . . . Active Scanning Responses . | . . . . Cargo Convoy Interrupts . | . . . . Stealth | -11 -10 -10 -9 --------- Run | Yrd Mat Min Mat Distress Signals 2 | . 1 . 1 Communications Jammed . | . . . . Distress Signals . | . . . . Times Spotted 44 | . 19 5 20 Peak Tracking Total 6 | . 5 2 6 Tactical Retreats 3 | . 1 2 . Traps | -11 -10 -10 -9 ------- Run | Yrd Mat Min Mat Traps Triggered 1 | . 1 . . Indirectly . | . . . . Trap Hack Attempts . | . . . . Triggered . | . . . . Disarmed . | . . . . Reprogrammed . | . . . . Reused . | . . . . Traps Extracted . | . . . . Installed . | . . . . Triggered . | . . . . Machines | -11 -10 -10 -9 ---------- Run | Yrd Mat Min Mat Machines Disabled . | . . . . Max in Single Turn . | . . . . Machines Repaired . | . . . . Machines Dismantled . | . . . . Machines Sabotaged . | . . . . Overloaded Fab Kills . | . . . . Hacking | -11 -10 -10 -9 --------- Run | Yrd Mat Min Mat Machines Accessed 2 | . 1 . 1 Terminals 2 | . 1 . 1 Fabricators . | . . . . Repair Stations . | . . . . Recycling Units . | . . . . Scanalyzers . | . . . . Garrison Access . | . . . . Total Hacks 3 | . 2 . 1 Successful 2 | . 2 . . Failed 1 | . . . 1 Catastrophic 1 | . . . 1 Database Lockouts . | . . . . Manual 1 | . . . 1 Terminals 3 | . 2 . 1 Fabricators . | . . . . Repair Stations . | . . . . Recycling Units . | . . . . Scanalyzers . | . . . . Garrison Access . | . . . . Terminal Hacks 2 | . 2 . . Alert Level 2 | . 2 . . Fabricator Hacks . | . . . . Repair Station Hacks . | . . . . Recycling Unit Hacks . | . . . . Scanalyzer . | . . . . Garrison Access Hacks . | . . . . Unauthorized Hacks . | . . . . Terminals . | . . . . Fabricators . | . . . . Repair Stations . | . . . . Recycling Units . | . . . . Scanalyzers . | . . . . Garrison Access . | . . . . Data Cores Recovered . | . . . . Used . | . . . . Hacking Detections 2 | . 1 . 1 Full Trace Events . | . . . . Feedback Events . | . . . . Feedback Blocked . | . . . . Robot Schematics Acquired . | . . . . Robots Built . | . . . . Authchips . | . . . . Time . | . . . . Total Robot Build Rating . | . . . . Part Schematics Acquired . | . . . . Parts Built . | . . . . Authchips . | . . . . Time . | . . . . Total Part Build Rating . | . . . . Part Studies Acquired . | . . . . Parts Repaired . | . . . . Time . | . . . . Parts Recycled . | . . . . Recycled Matter . | . . . . Retrieved Matter . | . . . . Retrieved Components . | . . . . Parts Scanalyzed . | . . . . Part Schematics Acquired . | . . . . Parts Damaged . | . . . . Bothacking | -11 -10 -10 -9 ------------ Run | Yrd Mat Min Mat Used RIF Installer . | . . . . Robots Hacked . | . . . . Non-combat . | . . . . Combat . | . . . . Robot Hacks Applied . | . . . . Relay Couplers Released . | . . . . Fabnet Peak Effective % . | . . . . Robots Rewired . | . . . . Allies Hacked . | . . . . Hacks Repelled . | . . . . Allies | -11 -10 -10 -9 -------- Run | Yrd Mat Min Mat Total Allies . | . . . . Largest Group . | . . . . Highest-Rated Group . | . . . . Highest-Rated Ally . | . . . . Total Orders . | . . . . Ally Attacks . | . . . . Total Damage . | . . . . Kills . | . . . . Allies Corrupted . | . . . . Allies Melted . | . . . . Intel | -11 -10 -10 -9 ------- Run | Yrd Mat Min Mat Active Infowar (turns) . | . . . . Robot Analysis Total . | . . . . Derelict Logs Recovered . | . . . . Drone Launches . | . . . . Drone Recoveries . | . . . . Exploration | -11 -10 -10 -9 ------------- Run | Yrd Mat Min Mat Turns Passed 1144 | 80 420 179 465 Spaces Moved 619 | 44 196 128 251 Core 2 | 2 . . . Treads 223 | 42 181 . . Legs 145 | . . . 145 Wheels . | . . . . Hover . | . . . . Flight 249 | . 15 128 106 Fastest Speed 31 | 50 117 37 31 Average Speed 115 | 155 156 112 79 Slowest Speed 160 | 160 160 117 120 Overloaded Moves . | . . . . Propulsion Burnouts . | . . . . Robots Hopped . | . . . . Potential Cave-ins . | . . . . Cave-ins Triggered . | . . . . Exploration Rate (%) 23 | 4 38 25 25 Regions Visited 3 Branch Regions 1 Pre-discovered Areas . | . . . . Known Exits Taken . | . . . . Unknown Exits Taken 3 | 1 1 1 . Scrap Searched 1 | . . 1 . Spaces Dug . | . . . . Terrain Destroyed . | . . . . Melee . | . . . . Projectile . | . . . . AOE . | . . . . Terrain Rammed . | . . . . Walls Destroyed . | . . . . Machines Disabled . | . . . . Actions | -11 -10 -10 -9 --------- Run | Yrd Mat Min Mat Total 867 | 53 245 152 417 Wait 104 | . . 17 87 Move 616 | 43 195 127 251 Hop . | . . . . Pick Up 19 | 4 6 1 8 Fast Attach 7 | 6 . 1 . Attach 16 | . 4 . 12 Detach . | . . . . Swap . | . . . . Drop 3 | . 3 . . Fire 36 | . 36 . . Melee 63 | . . 6 57 Ram . | . . . . Kick 2 | . . . 2 Crush 1 | . 1 . . Escape Stasis . | . . . . Rewire . | . . . . Trap . | . . . . Miscellaneous . | . . . . Route ------- -11/Scrapyard -10/Materials (discovered 2 exits: [*Min x2]) -10/Mines -9/Materials (discovered 1 exit: [*Min]) History --------- Turn | Location | Event 6 | -11/Scrapyard | Discovered new exit (range 15) 81 | -11/Scrapyard | Entered Materials 86 | -10/Materials | Discovered new exit (range 6) 295 | -10/Materials | Discovered new exit (range 6) 310 | -10/Materials | Build established: Mutant 370 | -10/Materials | Core integrity fell below 50% 418 | -10/Materials | Lost 3 parts (1p1n1w) 501 | -10/Materials | Entered Mines 569 | -10/Mines | Core integrity fell below 20% 608 | -10/Mines | Found a damaged Exp. Sensor Array with a note attached 610 | -10/Mines | Found Prototype Device 657 | -10/Mines | Discovered new exit (range 5) 680 | -10/Mines | Entered Materials 680 | -9/Materials | Evolved 2 slots: Propulsion x2 845 | -9/Materials | Lost 5 parts (1p4n) 848 | -9/Materials | Destroyed 7 combat bots 1098 | -9/Materials | Core integrity fell below 50% 1115 | -9/Materials | Discovered new exit (range 9) 1130 | -9/Materials | Lost 5 parts (2n2u1w) 1145 | -9/Materials | Self-destructed Last Messages --------------- 01076_ Targeting Computer destroyed. 01076_ System corrupted by crushing effect (+2). 01079_ Knocked back. 01082_ R-06 Scavenger collects Ion Engine. 01086_ Knocked back. 01089_ K-01 Serf collects debris. 01091_ Sml. Storage Unit destroyed. 01091_ System corrupted by crushing effect (+2). 01093_ K-01 Serf collects debris. 01097_ Knocked back. 01099_ Hammer destroyed. 01099_ K-01 Serf collects debris. 01102_ Kicked B-36 Bruiser out of the way. 01109_ Kicked K-01 Serf out of the way. 01115_ M-13 Machinist repairs B-36 Bruiser. 01115_ EXIT=FOUND 01116_ K-01 Serf cleans the Machine. 01136_ System corrupted: Energy discharge (-5). 01136_ Knocked back. 01140_ K-01 Serf cleans the Machine. Map ----- +----------------------------------------------------+ | ?????????????????????????????????????????????????? | | ?????????????????????????????????????????????????? | | ?????????????????????????????????????????????????? | | ?????????????????????????????????????????????????? | | ?????????????????????????????????????????????????? | | ?????????????????????????????????????????????????? | | ?????????????????????????????????????????????????? | | ?????????????????????????????????????????????????? | | ?????????????????????????????????????????????????? | | ?????????????????????????????????????????????????? | | ?????????????????????????????????????????????????? | | ?????????????????????????????????????????????????? | | ?????????????????????????????????????????????????? | | ?????????????????????????????????????????????????? | | ?????????????????????????????????????????????????? | | ?????????????????????????????????????????????????? | | ?????????????????????????????????????????????????? | | ?????????????????????????????????????????????????? | | ?????????????######??????????????????????????????? | | ????????????##!!!!##?????????????????????????????? | | ????????????#! !#?????????????????????????????? | | ????????????# ##########????????????????????? | | ???????????????# ## ##+#####+###?????????? | | ???????????????# r ????????? | | ???????????????# b< ????????? | | ????????######## kg @ a w u ????????? | | ????????# # ##" "##+#####?????????????? | | ????????# # ##" !"| "#????????????????????? | | ????????# %/ ##"""""""#????????????????????? | | ????????# # ##########????????????????????? | | ????????# "T # #?????????????????????????????? | | ????????# # #???? ?????????????????????? | | ????????######## # #????????????????????? | | ???????????# + #????????????????????? | | ???????????# # #????????????????????? | | ???????????#!! #############?????????????????? | | ???????????#!! ????????????????? | | ???????????#]] ?????? ???????? | | ???????????#]] ?????? ???????? | | ???????????##### ############??????? ??????? | | ??????????????## ## #???????# #??????? | | ??????????????# # """ #???????# #??????? | | ???????# # # """ #???????# #??????? | | ???????# / %+% "" #???????# #??????? | | ?????? + # # "" #???????# #??????? | | ???????# # # "T ##??????# #??????? | | ?????????? ?####### "" #??????# #??????? | | ????????? ???????# ##??????# #??????? | | ???????? ????????#########+#???????# #??????? | | ???????# ????????????????# #???????# #??????? | +----------------------------------------------------+ Best States ------------- Heat Dissipation 28 Energy Generation 10 Energy Capacity 125 Matter Stores 300 Matter Capacity 300 Sight Range 16 Terrain Scan Density 10 Evasion (%) 63 Targeting Accuracy 5 Recoil Reduction 2 Item Schematics ----------------- None Robot Schematics ------------------ None Fabricated ------------ Nothing Repaired ---------- Nothing Studied --------- None Alien Tech Used ----------------- None Achievements -------------- None Challenges ------------ None Game ------ Seed AerolevGatlingRipper Manual? 0 Play Time 00:13:53 Cumulative 39.3 hours Start 2026.06.25 @ 21:00:18 End 2026.06.25 @ 23:00:54 Sessions 3 Manual Loads 0 Difficulty Rogue Special Mode None Game No. 54 Rogue 22 Adventurer 32 Explorer 0 Win Type - Total 0 Types 0/0/0/0/0/0/0/0/0/0 Lore% 15 Gallery% 22 Achievement% 15 Wizard Run 0 Options --------- Layout 1 ASCII 0 Keyboard 0 Movement Numpad Keybinds 0 Fullscreen 1 Font 24/Smallcaps Map View 50x35 Zoom Use 0% Tactical HUD 1 Map Filters NONE Filters NONE Steam 1 RUN: 7d859541-b81e-45fa-816b-86ad27c79192